AoeStats
← metanoid

Arabia

509968821Analyzed
2v2 RM · 5d ago on Sep 28, 2026· 37m 47s· 4 players
Game mode
Random Map
Map size
Medium (4 player)
Population
200
Speed
Normal
Resources
Standard
Victory
Conquest
Starting age
Dark Age
Ending age
Imperial Age
RankedLock teamsTeams togetherTeam positionsShared explorationLock speedFull tech treeHidden civsTurbo modeCheats
Victory
Defeat
🇨🇱 Lithuanians · Chile
855
+17
🇨🇱 Persians · Chile
855
+17
🇦🇷 Magyars · Argentina
896
-48
🇬🇧 Wu · United Kingdom
870
-17
۞ Alex ۞
10:01 Feudal Age
11:43 Loom
17:12 Castle Age
16:11 Double-Bit Axe
31:53 Imperial Age
30:48 Scale Barding Armor
30:35 Fletching
31:08 Bloodlines
30:58 Husbandry
31:38 Cavalier
33:52 Elite Skirmisher
38:18 Chain Barding Armor
Langosta
8:29 Loom
10:40 Feudal Age
11:35 Double-Bit Axe
24:46 Castle Age
23:33 Bloodlines
23:05 Horse Collar
24:17 Scale Barding Armor
26:22 Husbandry
29:25 Forging
Juancho Talarga
9:22 Feudal Age
9:26 Man-at-Arms
10:10 Double-Bit Axe
10:50 Loom
20:20 Castle Age
18:37 Stone Mining
18:38 Gold Mining
18:55 Horse Collar
20:16 Fletching
21:10 Crossbowman
21:46 Bodkin Arrow
22:11 Bow Saw
23:09 Forging
metanoid
10:32 Feudal Age
13:20 Double-Bit Axe
13:45 Stone Mining
19:58 Horse Collar
22:56 Scale Barding Armor
26:07 Loom
30:43 Castle Age
30:16 Bloodlines
30:10 Gold Mining
35:35 Husbandry
Connection lost

Rejoining the realm…

Still unreachable

The connection could not be restored.

Session expired

The server has moved on; the page needs a fresh start.